 Dungeon Crawl Stone Soup version bcrawl-1.40.3b (webtiles) character file.

Game seed: 9946374458356133970

8780972 TheWayOfAllFlesh the Peltast (level 21, -1/138 HPs)
             Began as a Fairy Fire Elementalist on Jan 25, 2024.
             Was the Champion of Sif Muna.
             Slain by a deep elf knight
             ... wielding a +0 short sword
              (4 damage)
             ... on level 3 of the Vaults on Jan 26, 2024.
             The game lasted 03:26:00 (45991 turns).

TheWayOfAllFlesh the Peltast (FrFE)                Turns: 45991, Time: 03:26:00

Health: -1/138     AC: 13    Str:  6    XL:     21   Next: 16%
Magic:  8/43       EV: 31    Int: 29    God:    Sif Muna [******]
Gold:   2529       SH: 22    Dex: 20    Spells: 1/53 levels left

rFire    + + .     GDR:     31% a - +4 long sword (holy)
rCold    + . .     SeeInvis +   k - +0 buckler
rNeg     + . .     Gourm    .   (armour unavailable)
rPois    .         Faith    .   s - +1 hat {MR+}
rElec    .         Spirit   .   R - scarf {rC+ rF+}
rCorr    .         Reflect  .   W - +0 pair of gloves {pickup}
MR       ++++.                  A - +0 pair of boots of the Onion {rF+ rN+ SInv}
Stlth    +.........             O - amulet of the acrobat
HPRegen  0.33/turn              X - ring of protection from magic
MPRegen  0.28/turn              K - +7 ring of dexterity

@: sap magic, flying evasively, very slightly contaminated, studying Summonings,
very magic sapped
A: small, magic attunement, unstealthy, unfitting armour, able to fly, AC/SH +10
}: 2/15 runes: serpentine, barnacled
a: Stop Flying, Divine Energy, Channel Magic, Forget Spell, Moment of Magic,
Renounce Religion


You were on level 3 of the Vaults.
You worshipped Sif Muna.
Sif Muna was exalted by your worship.
You were very hungry.

You visited 7 branches of the dungeon, and saw 29 of its levels.
You also visited: Sewer and Gauntlet.

You collected 5061 gold pieces.
You spent 2532 gold pieces at shops.

Inventory:

Hand Weapons
 a - a +4 long sword of holy wrath (weapon)
Missiles
 H - 14 throwing nets {=f}
Armour
 k - a +0 buckler (worn)
 p - a +2 medium shield
 s - a +1 hat of magic resistance (worn)
 A - the +0 pair of boots of the Onion (worn) {rF+ rN+ SInv}
   (You found it on level 6 of the Dungeon)

   It protects you from fire.
   It protects you from negative energy.
   It lets you see invisible.
 N - a scarf of stasis
 R - a scarf of resistance (worn)
 W - a +0 pair of gloves (worn) {pickup}
Jewellery
 C - a +5 ring of dexterity
 I - the amulet "Ujuderia" {Faith rElec rF- Int+10 SInv}
   (You found it in a Gauntlet)

   [amulet of faith]

   It allows you to gain divine favour quickly.
   It affects your intelligence (+10).
   It makes you vulnerable to fire.
   It insulates you from electricity.
   It lets you see invisible.
 K - a +7 ring of dexterity (right hand)
 O - an amulet of the acrobat (around neck)
 V - an uncursed ring of protection from cold
 X - a ring of protection from magic (left hand)
Wands
 d - a wand of paralysis (23)
 r - a wand of digging (13)
 T - a wand of acid (15)
 U - a wand of charming (13)
Scrolls
 b - a scroll of noise
 c - 3 scrolls of vulnerability
 h - 6 scrolls of enchant armour
 o - a scroll of summoning
 q - 6 scrolls of fog
 t - 21 scrolls of remove curse
 x - 14 scrolls of teleportation
 y - 4 scrolls of fear
 E - 8 scrolls of blinking
 G - 2 scrolls of enchant weapon
 J - a scroll of amnesia
 L - 2 scrolls of immolation
 P - 3 scrolls of revelation
Potions
 f - 7 potions of heal wounds
 g - 9 potions of mutation
 l - 10 potions of curing
 m - 8 potions of agility
 n - 4 potions of might
 u - 7 potions of haste
 v - 5 potions of cancellation
 w - 4 potions of brilliance
 z - 6 potions of lignification
 B - a potion of invisibility
 D - 4 potions of ambrosia
 M - 2 potions of berserk rage
 Q - 2 potions of resistance
 S - 2 potions of magic
Miscellaneous
 F - a lightning rod (4/4)
 Z - a phial of floods
Comestibles
 e - 41 rations {!d}


   Skills:
 + Level 10.6 Fighting
 + Level 14.4 Dodging
 - Level 1.5 Stealth
 + Level 17.0 Shields
 + Level 16.8 Spellcasting
 + Level 16.5 Conjurations
 + Level 14.0 Summonings
 - Level 3.0 Translocations
 - Level 4.0 Transmutations
 - Level 16.0 Fire Magic
 - Level 3.0 Ice Magic
   Level 4.0 Poison Magic
 - Level 15.0 Invocations


You had one spell level left.
You knew the following spells:

 Your Spells              Type           Power        Failure   Level  Hunger
a - Throw Icicle          Conj/Ice       ######..     17%         4    None
b - Bolt of Fire          Conj/Fire      #######...   17%         6    None
c - Irradiate             Conj/Tmut      ######....   24%         5    None
e - Fireball              Conj/Fire      #######...   11%         5    None
g - Apportation           Tloc           #####.       21%         1    None
h - Flame Tongue          Conj/Fire      #####        6%          1    None
i - Blink                 Tloc           N/A          24%         2    None
o - Orb of Destruction    Conj           #######...   32%         7    None
z - Spellforged Servitor  Conj/Summ      #######...   41%         7    None
T - Shadow Creatures      Summ           N/A          50%         7    None
Z - Summon Fire Elementa  Fire/Summ      #######..    43%         7    None

Your spell library contained the following spells:

 Spells                   Type           Power        Failure   Level  Hunger
 Magic Dart               Conj           ####         6%          1    None
 Summon Butterflies       Summ           #######.     6%          1    None
 Summon Small Mammal      Summ           ####         6%          1    None
 Sting                    Conj/Pois      ####         9%          1    None
 Blink Other              Tloc           #####.       21%         1    None
 Infusion                 Chrm           ###.....     34%         1    None
 Slow                     Hex            ###.....     34%         1    None
 Call Imp                 Summ           ######       6%          2    None
 Searing Ray              Conj           #######.     6%          2    None
 Conjure Flame            Conj/Fire      #######.     6%          3    None
 Iskenderun's Mystic Bla  Conj           #######.     6%          3    None
 Call Canine Familiar     Summ           #######.     8%          3    None
 Sticky Flame             Conj/Fire      #######.     9%          4    None
 Flaming Arrows           Chrm/Fire      ######..     12%         2    None
 Shock                    Conj/Air       ######.      12%         2    None
 Dazzling Orbs            Conj/Hex       ######.      14%         3    None
 Ignite Poison            Fire/Tmut/Pois ######..     14%         3    None
 Inner Flame              Hex/Fire       N/A          14%         3    None
 Stone Arrow              Conj/Erth      ######       14%         3    None
 False Image              Hex/Summ       ######..     17%         3    None
 Mephitic Cloud           Conj/Pois/Air  ######..     17%         3    None
 Summon Ice Beast         Ice/Summ       ######..     21%         4    None
 Bolt of Magma            Conj/Fire/Erth ######....   21%         5    None
 Fulminant Prism          Conj/Hex       ######....   22%         4    None
 Venom Bolt               Conj/Pois      ######....   24%         5    None
 Summon Hydra             Summ           #######...   24%         6    None
 Spider Form              Tmut/Pois      ###          26%         3    None
 Passwall                 Tmut/Erth      #####...     28%         2    None
 Poisonous Vapours        Pois/Air       #####.       28%         2    None
 Ensorcelled Hibernation  Hex/Ice        ####..       30%         2    None
 Beckoning                Tloc           #####.....   32%         3    None
 Portal Projectile        Tloc           #####.       32%         3    None
 Teleport Other           Tloc           #####...     32%         3    None
 Bolt of Draining         Conj/Necr      ######....   32%         5    None
 Summon Forest            Summ/Tloc      ######....   32%         5    None
 Corpse Rot               Necr           N/A          38%         2    None
 Song of Slaying          Chrm           ###.....     38%         2    None
 Sublimation of Blood     Necr           ###.......   38%         2    None
 Swiftness                Chrm/Air       ###.....     38%         2    None
 Ozocubu's Armour         Chrm/Ice       ####....     41%         3    None
 Summon Lightning Spire   Summ/Air       ######..     41%         5    None
 Summon Mana Viper        Hex/Summ       ######..     41%         5    None
 Poison Arrow             Conj/Pois      ######....   47%         6    None
 Confuse                  Hex            ###.....     52%         3    None
 Regeneration             Chrm/Necr      ###.......   52%         3    None
 Spectral Weapon          Hex/Chrm       ###.....     52%         3    None
 Tukima's Dance           Hex            ###.....     52%         3    None
 Bolt of Cold             Conj/Ice       ######....   52%         6    None
 Petrify                  Tmut/Erth      #####.....   61%         4    None
 Tree Form                Hex/Tmut       N/A          61%         4    None
 Iron Shot                Conj/Erth      ######....   65%         6    None
 Passage of Golubria      Tloc           N/A          75%         5    None
 Airstrike                Air            ###.......   78%         4    None
 Cause Fear               Hex            ###.......   78%         4    None
 Freezing Cloud           Ice/Air        ####....     87%         5    None
 Metabolic Englaciation   Hex/Ice        ####......   87%         5    None
 Icicle Burst             Conj/Ice       ######....   87%         7    None
 Summon Horrible Things   Summ           #######...   92%         8    None
 Lee's Rapid Deconstruct  Erth           ###.......   96%         5    None
 Mana Rupture             Conj/Hex       ######....   96%         7    None
 Infestation              Hex/Tmut/Pois  #####....    99%         6    None
 Ozocubu's Refrigeration  Ice            #####.....   99%         6    None
 Statue Form              Tmut/Erth      #####....    99%         6    None
 Virulence                Hex/Pois       #####...     99%         6    None
 Borgnjor's Vile Clutch   Necr/Erth      ###.......   100%        6    None
 Deflect Missiles         Chrm/Air       ###.......   100%        6    None
 Invisibility             Hex            ###.....     100%        6    None
 Simulacrum               Ice/Necr       ####....     100%        6    None
 Blight                   Necr/Pois      #####....    100%        7    None
 Discord                  Hex            ###.......   100%        7    None
 Scorpion Form            Tmut/Pois      #####.....   100%        7    None
 Chain Lightning          Conj/Air       ######....   100%        8    None
 Glaciate                 Conj/Ice/Air   ######....   100%        8    None
 Ignition                 Hex/Fire       ######....   100%        8    None
 Lehudib's Crystal Spear  Conj/Erth      ######....   100%        8    None
 Dragon's Call            Summ           #######...   100%        9    None
 Fire Storm               Fire           #######...   100%        9    None


Dungeon Overview and Level Annotations

Branches:
Dungeon (12/12)            Temple (1/1) D:6            Lair (6/6) D:8
 Shoals (3/3) Lair:3        Snake (3/3) Lair:3        Slime (0/5) Orc
    Orc (1/1) D:9             Elf (0/3) Lair:5       Vaults (3/3) D:12
  Crypt (0/2) Vaults:1     Depths (0/5) D:12

Altars:
Ashenzari
Cheibriados
Dithmenos
Elyvilon
Fedhas
Gozag
Hepliaklqana
Kikubaaqudgha
Lugonu
Makhleb
Nemelex Xobeh
Okawaru
Qazlal
Ru
Sif Muna
Trog
Uskayaw
Vehumet
Wu Jian
Xom
Yredelemnul
Zin
The Shining One
Jiyva

Shops:
D:4 *   D:9 :[!%   Orc *=*[(   Shoals:1 %   Snake:2 [(   Vaults:1 %
Vaults:2 }

Annotations:
D:3 exclusion: 2 downstairs
Lair:2 3 runed translucent doors, foxfromabyss's ghost, journeyman GnSA
Lair:5 exclusion: downstairs
Lair:6 3 runed translucent doors, Mehrunes's ghost, journeyman DgSk
Snake:2 3 runed translucent doors, exclusion: downstairs, Suyqapni's ghost, adept DDFi


Innate Abilities, Weirdness & Mutations

Your spells do not cause hunger and MP costs are reduced by 1.
Your bright wings attract enemies. (Stealth-)
You cannot fit into any form of body armour.
Your shimmering scales are hard and can block incoming attacks. (AC +10, SH +10)
You are small and have problems with some larger weapons.
You can fly continuously.


Message History

The yaktaur captain is engulfed in blazing flames.
The yaktaur captain completely misses you.
The sphinx is engulfed in blazing flames.
The sphinx casts a spell.
Something smites you!
* * * LOW HITPOINT WARNING * * *
Your Summonings skill increases to level 14!
You are engulfed in blazing flames.
You resist.
* * * LOW HITPOINT WARNING * * *
The +5 battleaxe of freezing hits you!
* * * LOW HITPOINT WARNING * * *
The +5 battleaxe of freezing freezes you.
* * * LOW HITPOINT WARNING * * *
The war gargoyle is engulfed in blazing flames.
The war gargoyle misses you.
The ettin is engulfed in blazing flames.
You block the ettin's attack. x2
The deep elf knight is engulfed in blazing flames.
The deep elf knight hits you with a +0 short sword.
You die...

..X #....# #.%
#.%%%# ....
#pp..#
....W#..%%# #
#..p§#§§☼.#%###
#..)§§§§☼§☼...+
####C§epc§§.###
....§☼(@§§§§%..
%...§§9C§§§§...
.%%.§☼☼§§H§§%..
.....§§§☼§§..%.
####...§§§.c###
..%..%%%..#
...#....#%..#
....#....##...


You could see a tentacled monstrosity, an ironheart preserver, a fire giant, a
sphinx, 2 yaktaur captains, an ettin, a war gargoyle, 3 vault sentinels, a deep
elf knight, a freezing wraith and a +5 battleaxe of freezing.

Vanquished Creatures
  Saint Roka (Snake:2)
  Gastronok (D:12)
  Frances (Snake:1)
  Jorgrun (D:11)
  Rupert (Snake:1)
  2 sphinxes (Shoals:3)
  14 nagarajas
  An orc warlord (Orc)
  Aizul (Snake:1)
  A vault warden (Vaults:3)
  An ironheart preserver (Vaults:1)
  A jiangshi (Vaults:1)
  A stone giant (Vaults:1)
  A deep elf demonologist (Vaults:1)
  3 minotaurs
  Snorg (D:11)
  2 merfolk javelineers
  An eidolon (Vaults:1)
  A fire dragon (Vaults:2)
  An ettin (Vaults:2)
  Josephine (Snake:1)
  3 merfolk impalers
  Urug (Lair:1)
  Harold (D:10)
  2 rakshasas
  24 naga warriors
  Fannar (Lair:2)
  3 hydras
  3 merfolk avatars
  6 vault guards
  3 yaktaur captains
  Erica (D:11)
  7 anacondas
  4 catoblepae
  2 ogre magi
  A queen ant (Lair:5)
  A merfolk aquamancer (Shoals:1)
  Sonja (Lair:2)
  A death knight (D:12)
  13 death yaks
  5 two-headed ogres
  7 satyrs (Shoals:3)
  4 tengu warriors
  4 orc high priests (Orc)
  17 naga sharpshooters
  A dancing weapon (Vaults:2)
  7 shock serpents
  Nergalle (Lair:2)
  6 sea snakes
  7 centaur warriors
  A deep elf knight (Vaults:2)
  A fire crab (Gauntlet)
  A glowing orange brain (Vaults:3)
  2 salamander mystics
  A skeletal warrior (Vaults:1)
  4 naga ritualists (Snake:3)
  An unseen horror (shapeshifter) (Vaults:2)
  3 deep elf archers (Vaults:2)
  A wolf spider zombie (D:10)
  3 phantasmal warriors
  2 lindwurms (Lair:4)
  8 wizards
  A glowing orange brain (shapeshifter) (Vaults:1)
  18 harpies
  3 ironheart convokers
  5 orc knights
  5 cyclopes
  6 deep elf magi
  16 ugly things
  3 mana vipers
  4 orc sorcerers
  3 oklob plants (Lair:6)
  14 manticores
  An apocalypse crab (Gauntlet)
  24 fauns
  10 salamanders
  9 naga magi
  Joseph (D:8)
  5 vault sentinels
  23 elephants
  7 guardian serpents
  3 merfolk sirens
  15 black mambas
  6 water nymphs
  12 cane toads
  A kobold demonologist (D:11)
  2 gargoyles
  3 torpor snails
  8 yaktaurs
  2 tengu conjurers (Vaults:1)
  4 freezing wraiths
  2 minotaur zombies (Gauntlet)
  2 eyes of draining
  6 rime drakes
  11 komodo dragons
  A polar bear (Lair:4)
  A wolf spider simulacrum (D:9)
  A harpy zombie (D:11)
  4 trolls
  3 meliai (Lair:4)
  A wind drake (shapeshifter) (Vaults:1)
  3 wind drakes
  A queen bee (Lair:4)
  A troll (shapeshifter) (Vaults:2)
  2 harpy skeletons
  9 blink frogs
  4 dream sheep
  6 merfolk
  Grum (D:8)
  15 hippogriffs
  A meliai zombie (D:10)
  13 slime creatures
  5 snapping turtles
  8 wraiths
  2 spriggans (Lair:2)
  3 shadows (Gauntlet)
  2 wyverns
  67 yaks
  4 fire bats (Gauntlet)
  7 water elementals
  2 basilisks
  A hungry ghost (D:10)
  Edmund (D:5)
  A human (D:12)
  Menkaure (D:7)
  A steam dragon (D:8)
  A vampire mosquito (D:10)
  An acid dragon (D:11)
  67 nagas
  14 crocodiles
  9 porcupines
  38 orc warriors
  12 water moccasins
  4 sky beasts
  3 soldier ants
  Purgy (Sewer)
  4 black bears
  A hornet zombie (D:11)
  4 phantoms
  4 ice beasts
  9 ogres
  4 boggarts (Vaults:2)
  9 wolves
  15 bullfrogs
  A kobold brigand (D:11)
  A gnoll sergeant (D:11)
  5 centaurs
  A water moccasin zombie (D:8)
  2 scorpions
  32 killer bees
  2 howler monkeys
  8 wights
  2 electric eels (Snake:3)
  17 orc priests
  6 crimson imps
  3 bullfrog zombies
  2 hounds
  4 jellies
  26 orc wizards
  3 bullfrog skeletons
  Jessica (D:12)
  5 iguanas
  Ijyb (D:3)
  Natasha (thrice) (D:3)
  A hell rat (Lair:4)
  15 worker ants
  A hound skeleton (D:9)
  A worker ant zombie (D:8)
  4 gnolls (D:11)
  2 river rats (D:6)
  9 adders
  3 shadow imps
  2 oozes
  An adder zombie (D:8)
  An adder skeleton (D:3)
  2 worms
  4 dart slugs
  5 leopard geckos
  94 orcs
  4 bats
  3 giant cockroaches
  7 goblins
  10 hobgoblins
  12 jackals
  2 quokkas
  7 ball pythons
  7 frilled lizards
  17 kobolds
  9 rats
  4 fungi
  20 plants
1182 creatures vanquished.

Vanquished Creatures (collateral kills)
  2 nagarajas (Snake:3)
  A vault warden (Vaults:2)
  An ironheart preserver (Vaults:2)
  2 naga warriors (Snake:3)
  A yaktaur captain (Vaults:1)
  A rakshasa (Vaults:1)
  An ice dragon (Vaults:2)
  A merfolk avatar (Shoals:2)
  A merfolk aquamancer (Shoals:3)
  An alligator snapping turtle (Shoals:2)
  4 two-headed ogres (Vaults:2)
  3 satyrs (Shoals:3)
  A sea snake (Shoals:2)
  An ogre mage (Vaults:2)
  A naga sharpshooter (Snake:3)
  A wizard (Vaults:2)
  A deep elf archer (Vaults:1)
  A harpy (shapeshifter) (Vaults:2)
  9 harpies
  20 ugly things
  2 deep elf magi
  2 manticores
  2 fauns (Shoals:1)
  A merfolk siren (Shoals:2)
  A black mamba (Snake:3)
  A vault sentinel (Vaults:1)
  4 merfolk
  5 slime creatures (Vaults:1)
  A dream sheep (Shoals:2)
  A wraith (Vaults:1)
  A basilisk (shapeshifter) (Vaults:1)
  2 nagas (Snake:3)
  An ogre (Vaults:2)
  A boggart (Vaults:2)
79 creatures vanquished.

Vanquished Creatures (others)
  22 vault guards (Vaults:3)
  A naga sharpshooter (Snake:3)
  An orc sorcerer (Orc)
  A vault sentinel (Vaults:3)
  2 orc warriors (Orc)
  3 orc priests (Orc)
  2 orc wizards (Orc)
  3 orcs (Orc)
  13 fungi
  58 plants
106 creatures vanquished.

Grand Total: 1367 creatures vanquished

Notes
Turn   | Place    | Note
-------+----------+-------------------------------------------
     0 | D:1      | TheWayOfAllFlesh the Fairy Fire Elementalist began the
                  | quest for the Orb.
     0 | D:1      | Reached XP level 1. HP: 11/11 MP: 6/6
    78 | D:1      | Reached XP level 2. HP: 15/17 MP: 7/7
   586 | D:2      | Reached XP level 3. HP: 21/21 MP: 9/9
   664 | D:2      | Learned a level 2 spell: Flaming Arrows
   934 | D:2      | Reached XP level 4. HP: 20/27 MP: 11/11
  1072 | D:2      | Found an ornate altar of the Wu Jian Council.
  1643 | D:3      | Learned a level 3 spell: Conjure Flame
  1746 | D:3      | Reached XP level 5. HP: 16/31 MP: 12/12
  1950 | D:3      | Noticed Natasha
  2030 | D:3      | Killed Natasha
  2138 | D:3      | Noticed Natasha
  2143 | D:3      | Killed Natasha
  2144 | D:3      | Reached XP level 6. HP: 36/36 MP: 14/14
  2156 | D:3      | Learned a level 4 spell: Sticky Flame
  2179 | D:3      | Reached skill level 5 in Conjurations
  2198 | D:3      | Noticed Ijyb
  2222 | D:3      | Killed Ijyb
  2223 | D:3      | Reached skill level 5 in Fire Magic
  2306 | D:3      | Found a stormy altar of Qazlal.
  2316 | D:3      | Noticed Natasha
  2322 | D:3      | Killed Natasha
  2594 | D:4      | Found Hiosche's Assorted Antiques.
  2594 | D:4      | Noticed a sky beast
  2647 | D:4      | Noticed a phantom
  2655 | D:4      | Killed a phantom
  2804 | D:4      | Killed a sky beast
  2805 | D:4      | Reached skill level 5 in Spellcasting
  2805 | D:4      | Reached XP level 7. HP: 41/41 MP: 6/16
  3371 | D:4      | Reached XP level 8. HP: 45/46 MP: 18/18
  3624 | D:5      | Entered Level 5 of the Dungeon
  3854 | D:5      | Reached skill level 5 in Dodging
  3869 | D:5      | Learned a level 5 spell: Fireball
  3988 | D:5      | Noticed Edmund
  4008 | D:5      | Killed Edmund
  4395 | D:4      | Reached XP level 9. HP: 51/51 MP: 19/21
  5154 | D:6      | Found a glowing drain.
  5161 | Sewer    | Entered a sewer
  5183 | Sewer    | Noticed Purgy
  5195 | Sewer    | Killed Purgy
  5755 | D:6      | Got a pair of bloodstained boots
  5901 | D:6      | Found a staircase to the Ecumenical Temple.
  6054 | Temple   | Entered the Ecumenical Temple
  6268 | Temple   | Became a worshipper of Sif Muna the Loreminder
  6484 | D:6      | Found a glowing golden altar of the Shining One.
  6758 | D:7      | Noticed Menkaure
  6761 | D:7      | Killed Menkaure
  6762 | D:7      | Reached XP level 10. HP: 48/56 MP: 9/25
  6926 | D:7      | Reached * piety under Sif Muna
  6926 | D:7      | Reached skill level 10 in Conjurations
  6978 | D:7      | Identified the cursed +0 pair of boots of the Onion {rF+
                  | rN+ SInv} (You found it on level 6 of the Dungeon)
  7249 | D:7      | Found a sacrificial altar of Ru.
  7519 | D:8      | Reached skill level 10 in Fire Magic
  7521 | D:8      | Noticed an elephant
  7542 | D:7      | Killed an elephant
  7543 | D:7      | Identified Sif Muna's Tome of Feathers and Poisoning (Sif
                  | Muna gifted it to you on level 7 of the Dungeon)
  7543 | D:7      | Received a gift from Sif Muna
  7543 | D:7      | Reached skill level 10 in Spellcasting
  7725 | D:8      | Reached ** piety under Sif Muna
  7743 | D:8      | Found a staircase to the Lair.
  7752 | D:8      | Noticed a centaur warrior
  7818 | D:8      | Noticed a two-headed ogre
  7824 | D:8      | Noticed Joseph
  7835 | D:8      | Killed Joseph
  7919 | D:8      | Killed a centaur warrior
  7997 | D:8      | Noticed Grum
  8003 | D:8      | Killed Grum
  8004 | D:8      | Reached XP level 11. HP: 51/61 MP: 10/28
  8205 | D:8      | Found a hazy altar of Hepliaklqana.
  8247 | D:8      | Found a hide-covered altar of Uskayaw.
  8268 | D:8      | Killed a two-headed ogre
  8269 | D:8      | Reached *** piety under Sif Muna
  8269 | D:8      | Reached skill level 10 in Dodging
  8802 | D:9      | Found a burning altar of Makhleb.
  8809 | D:9      | Found a roughly hewn altar of Beogh.
  8809 | D:9      | Found a staircase to the Orcish Mines.
  9030 | D:9      | Found Myplir's Book Shop.
  9215 | D:9      | Noticed a brown ugly thing
  9223 | D:9      | Killed a brown ugly thing
  9224 | D:9      | Reached skill level 1 in Invocations
  9288 | D:9      | Found Rotaaky's Food Shoppe.
  9391 | D:9      | Found an opulent altar of Gozag.
  9428 | D:9      | Found Raekoada's Armour Emporium.
  9497 | D:9      | Found Naocimu's Distillery.
  9502 | D:9      | Bought a potion of heal wounds for 65 gold pieces
  9629 | D:9      | Reached **** piety under Sif Muna
  9710 | D:10     | Entered Level 10 of the Dungeon
 10507 | D:10     | Noticed a cyclops
 10531 | D:10     | Killed a cyclops
 10631 | D:10     | Reached XP level 12. HP: 67/67 MP: 22/31
 10649 | D:10     | Reached skill level 1 in Fighting
 10914 | D:10     | Reached ***** piety under Sif Muna
 11169 | D:10     | Noticed Harold
 11180 | D:10     | Noticed a two-headed ogre
 11188 | D:10     | Killed a two-headed ogre
 11189 | D:10     | Identified Sif Muna's Almanac of the Rocks (Sif Muna gifted
                  | it to you on level 10 of the Dungeon)
 11189 | D:10     | Received a gift from Sif Muna
 11523 | D:10     | Learned a level 5 spell: Venom Bolt
 11735 | D:10     | Killed Harold
 11736 | D:10     | Reached skill level 1 in Poison Magic
 11736 | D:10     | Reached skill level 5 in Invocations
 12240 | D:11     | Noticed Erica
 12245 | D:11     | Killed Erica
 12613 | D:11     | Noticed a catoblepas
 12622 | D:11     | Killed a catoblepas
 13059 | D:11     | Noticed Snorg
 13069 | D:11     | Killed Snorg
 13359 | D:11     | Noticed Jorgrun
 13377 | D:11     | Killed Jorgrun
 13486 | D:11     | Noticed a two-headed ogre
 13493 | D:11     | Killed a two-headed ogre
 13494 | D:11     | Reached XP level 13. HP: 79/79 MP: 26/32
 13691 | Lair:1   | Entered Level 1 of the Lair of Beasts
 13701 | Lair:1   | Noticed Urug
 13757 | Lair:1   | Killed Urug
 13819 | Lair:1   | Reached ****** piety under Sif Muna
 13819 | Lair:1   | Reached XP level 14. HP: 85/85 MP: 34/34
 13836 | Lair:1   | Identified Sif Muna's Grimoire of Summoning and Flames (Sif
                  | Muna gifted it to you on level 1 of the Lair of Beasts)
 13836 | Lair:1   | Received a gift from Sif Muna
 15130 | Lair:2   | Noticed Nergalle
 15131 | Lair:2   | Noticed Sonja
 15289 | Lair:2   | Killed Sonja
 15290 | Lair:2   | Reached skill level 15 in Conjurations
 15301 | Lair:1   | Reached skill level 5 in Fighting
 15353 | Lair:2   | Killed Nergalle
 15636 | Lair:2   | Found a runed translucent gate.
 15637 | Lair:2   | Found a runed translucent gate.
 15683 | Lair:2   | Found a runed translucent gate.
 15689 | Lair:2   | Found a viscous altar of Jiyva.
 15689 | Lair:2   | Noticed foxfromabyss's ghost (journeyman GnSA)
 15727 | Lair:2   | Noticed Fannar
 15753 | Lair:2   | Killed Fannar
 15754 | Lair:2   | Reached skill level 1 in Shields
 15920 | Lair:2   | Reached skill level 2 in Shields
 15923 | Lair:2   | Found a radiant altar of Vehumet.
 16325 | Lair:2   | Reached skill level 3 in Shields
 16798 | Lair:3   | Reached skill level 15 in Spellcasting
 16866 | Lair:3   | Found a staircase to the Shoals.
 17000 | Lair:3   | Found a staircase to the Snake Pit.
 17111 | Lair:3   | Reached skill level 4 in Shields
 17289 | Lair:3   | Got a shimmering scimitar
 17850 | Lair:3   | Identified the +9 scimitar "Wilit" {antimagic, rN+ Dex+2}
                  | (You found it on level 3 of the Lair of Beasts)
 17974 | Lair:4   | Reached skill level 5 in Shields
 18253 | Lair:4   | Reached skill level 6 in Shields
 18254 | Lair:4   | Reached XP level 15. HP: 92/92 MP: 6/36
 18682 | Lair:3   | Reached skill level 7 in Shields
 19526 | Lair:4   | Reached skill level 10 in Invocations
 19764 | Lair:5   | Learned a level 2 spell: Blink
 19808 | Lair:5   | Reached skill level 8 in Shields
 19953 | Lair:4   | Identified Ereshkigal's Papyrus of Battle Magic (Sif Muna
                  | gifted it to you on level 4 of the Lair of Beasts)
 19953 | Lair:4   | Received a gift from Sif Muna
 20070 | Lair:5   | Found a staircase to the Elven Halls.
 20353 | Lair:5   | Reached skill level 9 in Shields
 20683 | Lair:6   | Entered Level 6 of the Lair of Beasts
 21037 | Lair:6   | Reached skill level 10 in Shields
 21769 | Lair:6   | Reached skill level 11 in Shields
 22161 | Lair:6   | Found a runed translucent gate.
 22161 | Lair:6   | Found a runed translucent gate.
 22161 | Lair:6   | Found a runed translucent gate.
 22170 | Lair:6   | Noticed Mehrunes's ghost (journeyman DgSk)
 22375 | Lair:6   | Reached XP level 16. HP: 98/98 MP: 17/37
 22907 | Lair:6   | Reached skill level 12 in Shields
 23174 | D:12     | Entered Level 12 of the Dungeon
 23211 | D:12     | Noticed Jessica
 23245 | D:12     | Found a shimmering blue altar of Sif Muna.
 23291 | D:12     | Killed Jessica
 23387 | D:12     | Noticed Gastronok
 23396 | D:12     | Killed Gastronok
 23463 | D:12     | Learned a level 1 spell: Apportation
 24427 | D:12     | Reached skill level 13 in Shields
 24702 | D:12     | Found a gate to the Vaults.
 24743 | D:12     | Found a staircase to the Depths.
 24972 | Orc      | Entered the Orcish Mines
 24972 | Orc      | Found a gate leading to a gauntlet.
 24999 | Orc      | Found Ahothro's Assorted Antiques.
 25007 | Gauntlet | Entered a Gauntlet
 25007 | Gauntlet | Found a transporter.
 25007 | Gauntlet | Found a transporter.
 25023 | Gauntlet | Found a transporter.
 25024 | Gauntlet | Found a transporter.
 25040 | Gauntlet | Found a transporter.
 25061 | Gauntlet | Found a transporter.
 25061 | Gauntlet | Found a transporter.
 25078 | Gauntlet | Found a transporter.
 25084 | Gauntlet | Found a transporter.
 25090 | Gauntlet | Found a transporter.
 25298 | Gauntlet | Got a scintillating golden amulet
 25323 | Gauntlet | Identified the amulet "Ujuderia" {Faith rElec rF- Int+10
                  | SInv} (You found it in a Gauntlet)
 25433 | Gauntlet | Reached skill level 1 in Translocations
 25476 | Gauntlet | Identified the +8 hand axe of True Grit {chop, Stlth+}
 25860 | Orc      | Found a roughly hewn altar of Beogh.
 25900 | Orc      | Bought a scroll of teleportation for 84 gold pieces
 26269 | Orc      | Found a viscous altar of Jiyva.
 26269 | Orc      | Found a staircase to the Slime Pits.
 27208 | Orc      | Found Fihukud's General Store.
 27209 | Orc      | Found Owajo's Jewellery Shoppe.
 27212 | Orc      | Found Zuweer Olag's Antique Armour Emporium.
 27212 | Orc      | Found Fol Vogee's Antique Weapon Emporium.
 27509 | D:9      | Bought a book of Annihilations for 1545 gold pieces
 27517 | D:9      | Learned a level 7 spell: Orb of Destruction
 27525 | D:9      | Learned a level 7 spell: Spellforged Servitor
 27531 | D:9      | Learned a level 4 spell: Throw Icicle
 27630 | Snake:1  | Entered Level 1 of the Snake Pit
 27771 | Lair:3   | Identified Sif Muna's Volume of Venom and Bewitchment (Sif
                  | Muna gifted it to you on level 3 of the Lair of Beasts)
 27771 | Lair:3   | Received a gift from Sif Muna
 27837 | Snake:1  | Reached skill level 1 in Summonings
 27943 | Snake:1  | Noticed Josephine
 27974 | Snake:1  | Killed Josephine
 27975 | Snake:1  | Reached skill level 1 in Ice Magic
 28106 | Snake:1  | Noticed Rupert
 28116 | Snake:1  | Killed Rupert
 28117 | Snake:1  | Reached XP level 17. HP: 59/105 MP: 7/38
 28241 | Snake:1  | Noticed Aizul
 28577 | Snake:1  | Noticed Frances
 29404 | Snake:1  | Killed Aizul
 29405 | Snake:1  | Reached skill level 14 in Shields
 29533 | Snake:1  | Killed Frances
 30461 | Snake:2  | Found Gyifuo Ruff's Weapon Emporium.
 30461 | Snake:2  | Found Gocait's Antique Armour Shoppe.
 30545 | Snake:2  | Reached skill level 5 in Summonings
 31237 | Snake:2  | Identified Sif Muna's Volume of Blows and Bruises (Sif Muna
                  | gifted it to you on level 2 of the Snake Pit)
 31237 | Snake:2  | Received a gift from Sif Muna
 31306 | Snake:1  | Learned a level 6 spell: Bolt of Fire
 31576 | Snake:2  | Noticed Saint Roka
 31584 | Snake:2  | Killed Saint Roka
 31816 | Snake:2  | Found a runed translucent gate.
 31816 | Snake:2  | Found a runed translucent gate.
 31816 | Snake:2  | Found a runed translucent gate.
 31816 | Snake:2  | Noticed Suyqapni's ghost (adept DDFi)
 32138 | Snake:2  | Learned a level 5 spell: Irradiate
 32328 | Snake:3  | Entered Level 3 of the Snake Pit
 32486 | Snake:3  | Reached skill level 1 in Transmutations
 32688 | Snake:3  | Reached XP level 18. HP: 114/114 MP: 19/39
 33326 | Snake:3  | Learned a level 7 spell: Summon Fire Elementals
 34001 | Snake:3  | Reached skill level 15 in Shields
 34223 | Snake:3  | Received a gift from Sif Muna
 35658 | Snake:3  | Reached skill level 10 in Summonings
 35844 | Snake:3  | Got a serpentine rune of Zot
 35905 | Snake:3  | Identified a scroll of acquirement
 36177 | Shoals:1 | Entered Level 1 of the Shoals
 36209 | Shoals:1 | Found Yrphumeo's Food Emporium.
 36233 | Shoals:1 | Reached XP level 19. HP: 122/122 MP: 35/40
 36332 | Shoals:1 | Received a gift from Sif Muna
 36687 | Shoals:1 | Identified the ring "Mezowaerr" {Wiz +Fly rN+} (You
                  | acquired it on level 1 of the Shoals)
 36894 | D:4      | Bought a scroll labeled GAPAPI USUSISO for 25 gold pieces
 36894 | D:4      | Bought a pink potion for 22 gold pieces
 36894 | D:4      | Bought a potion of resistance for 250 gold pieces
 37058 | D:9      | Bought a potion of cancellation for 65 gold pieces
 37058 | D:9      | Bought a potion of cancellation for 65 gold pieces
 37058 | D:9      | Bought a potion of agility for 52 gold pieces
 37058 | D:9      | Bought a potion of haste for 130 gold pieces
 37236 | Orc      | Bought an ebony trident for 229 gold pieces
 37236 | Orc      | Identified the cursed +1 trident "Miesut" {pain, Str+4
                  | Int-2 Dex+5} (You bought it in a shop in the Orcish Mines)
 37580 | Shoals:1 | Reached skill level 15 in Invocations
 38390 | Shoals:2 | Identified the cursed +0 plate armour "Beocioh" {-Cast
                  | rElec rC+++ MR-}
 38662 | Shoals:2 | Reached skill level 15 in Fire Magic
 39663 | Shoals:3 | Entered Level 3 of the Shoals
 40094 | Shoals:3 | Identified Sif Muna's Collected Works on Ignition (Sif Muna
                  | gifted it to you on level 3 of the Shoals)
 40094 | Shoals:3 | Received a gift from Sif Muna
 40332 | Shoals:3 | Identified the ring of Fievayma {rPois rN+ Stlth+}
 40828 | Shoals:3 | Reached skill level 16 in Shields
 40844 | Shoals:3 | Identified the +1 scimitar "Enocisev" {antimagic, +Rage
                  | Int+7}
 41229 | Shoals:3 | Got a barnacled rune of Zot
 42200 | Vaults:1 | Entered Level 1 of the Vaults
 42205 | Vaults:1 | Reached XP level 20. HP: 130/130 MP: 21/41
 42269 | Vaults:1 | Identified the +5 scale mail "Tobb" {-Cast rElec rCorr
                  | Str+5 Int+2}
 42688 | Vaults:1 | Found a staircase to the Crypt.
 43192 | Vaults:1 | Identified Sif Muna's Grimoire of Creative Attacks (Sif
                  | Muna gifted it to you on level 1 of the Vaults)
 43192 | Vaults:1 | Received a gift from Sif Muna
 43522 | Vaults:1 | Identified the +5 quarterstaff of Cowoch {protect, MR-
                  | Int+2 Dex+7 SInv}
 43895 | Vaults:1 | Found Diofeose's Food Shoppe.
 44096 | Vaults:2 | Reached skill level 10 in Fighting
 44623 | Vaults:2 | Found Vyopeunepp's Gadget Shop.
 45104 | Vaults:2 | Identified Upneime's Compendium of Unstable Black Arts (Sif
                  | Muna gifted it to you on level 2 of the Vaults)
 45104 | Vaults:2 | Received a gift from Sif Muna
 45202 | Vaults:2 | Found a snail-covered altar of Cheibriados.
 45555 | Vaults:2 | Learned a level 7 spell: Shadow Creatures
 45981 | Vaults:3 | Entered Level 3 of the Vaults
 45987 | Vaults:3 | Reached XP level 21. HP: 75/138 MP: 27/43
 45989 | Vaults:3 | Reached skill level 17 in Shields
 45991 | Vaults:3 | HP: 4/138 [+5 battleaxe of freezing (8)]
 45991 | Vaults:3 | Slain by a deep elf knight

Skill      XL: |  1  2  3  4  5  6  7  8  9 10 11 12 13 14 15 16 17 18 19 20 21 |
---------------+----------------------------------------------------------------+-----
Conjurations   | 2 3 4 6 8 9 10 12 14 15 16 | 16.5
Dodging        | 3 4 6 9 12 13 14 | 14.4
Spellcasting   | 3 4 5 7 9 11 13 14 15 16 | 16.8
Fire Magic     | 4 5 6 7 9 10 12 14 15 16 | 16.0
Invocations    | 4 6 9 12 13 14 15 | 15.0
Fighting       | 3 4 5 6 7 8 9 10 | 10.6
Poison Magic   | 4 |  4.0
Shields        | 6 11 13 14 15 16 17 | 17.0
Translocations | 3 |  3.0
Summonings     | 2 7 10 12 13 14 | 14.0
Ice Magic      | 1 3 |  3.0
Transmutations | 1 4 |  4.0
Stealth        | |  1.5

Action                   |  1- 3 |  4- 6 |  7- 9 | 10-12 | 13-15 | 16-18 | 19-21 || total
-------------------------+-------+-------+-------+-------+-------+-------+-------++-------
Melee: Falchion          |       |     1 |    31 |    25 |       |       |       ||    57
       Unarmed           |       |    28 |       |       |       |       |       ||    28
       Dagger            |       |       |       |     8 |    16 |     1 |       ||    25
       Long sword        |       |       |       |       |       |    54 |     1 ||    55
Throw: Stone             |    10 |    34 |     3 |       |       |       |       ||    47
 Cast: Flame Tongue      |    63 |   117 |   182 |   260 |    93 |    79 |       ||   794
       Flaming Arrows    |     3 |     6 |     2 |     1 |       |       |       ||    12
       Conjure Flame     |       |     3 |    10 |    33 |     7 |     4 |       ||    57
       Sticky Flame      |       |     1 |    10 |    23 |    87 |    13 |       ||   134
       Fireball          |       |       |     9 |   117 |   272 |   392 |   182 ||   972
       Venom Bolt        |       |       |       |    11 |    57 |    66 |       ||   134
       Throw Icicle      |       |       |       |       |       |   160 |   103 ||   263
       Orb of Destructio |       |       |       |       |       |    90 |    37 ||   127
       Bolt of Fire      |       |       |       |       |       |    24 |    99 ||   123
       Irradiate         |       |       |       |       |       |     3 |     9 ||    12
       Blink             |       |       |       |       |       |     1 |     2 ||     3
       Summon Fire Eleme |       |       |       |       |       |     4 |    20 ||    24
       Spellforged Servi |       |       |       |       |       |     2 |     8 ||    10
Invok: Divine Energy     |       |       |       |     3 |     6 |     8 |     1 ||    18
       Channel Magic     |       |       |       |       |       |     3 |     1 ||     4
 Abil: Fly               |       |       |       |       |       |     1 |       ||     1
       Stop Flying       |       |       |       |       |       |     1 |       ||     1
Evoke: Wand              |       |       |       |     3 |       |     4 |       ||     7
  Use: Scroll            |       |     7 |     3 |     7 |    15 |     7 |     2 ||    41
       Potion            |       |       |       |       |     1 |     3 |       ||     4
 Stab: Confused          |       |     1 |       |       |       |       |       ||     1
       Petrified         |       |       |       |     7 |       |     1 |       ||     8
  Eat: Chunk             |       |     8 |    12 |    26 |    39 |    35 |    33 ||   153
       Ration            |       |       |       |     1 |       |     8 |     2 ||    11
Armor: Skin              |     2 |    14 |    14 |    20 |    22 |    29 |    11 ||   112
Dodge: Dodged            |    21 |    60 |    77 |   178 |   290 |   264 |   179 ||  1069
Block: Other             |     3 |    26 |    22 |    63 |    15 |       |       ||   129
       Buckler           |       |       |       |       |   305 |   427 |   266 ||   998
